cohdb
Replays
Latest Replays
All Replays
Popular Replays
Top Player Replays
Match Explorer
How It Works
Community
CoH3 Stats
Reddit
Sign in to upload your games and track your stats! →
Sign in with Steam
Match 41621237
Unlisted
Match 41621237
Overview
Messages
Build Orders
End
Scout Squad
Construct Barracks
Selects Heavy Weapons
Riflemen Squad
Riflemen Squad
Riflemen Squad
Selects Assault Carriers
M1 Mortar Team
Infantry Support Center
Grenade Package
Construct Medical Station
Construct Motor Pool
M24 Chaffee Light Tank
Construct Weapon Support Center
M1919 Machine Gun Team
Engineer Squad
Selects Exchangeable Parts
M8 Greyhound Armored Car
Engineer Squad
Selects M26 Pershing Heavy Tank
M26 Pershing Heavy Tank
silentbreacher
big block cheese
0
0
Comments
sign in to comment!
No comments posted yet!